 Dungeon Crawl Stone Soup version 0.31-a0-329-g52107efa6a (webtiles) character file.

Game seed: 1244054400705727422

31 AdnanSaban the Trooper (level 3, -3/24 HPs)
             Began as a Gargoyle Fighter on July 18, 2023.
             Slain by a gnoll
             ... wielding a +0 flail
              (5 damage)
             ... on level 2 of the Dungeon.
             The game lasted 00:01:08 (652 turns).

AdnanSaban the Trooper (Gargoyle Fighter)            Turns: 652, Time: 00:01:09

Health: -3/24      AC: 11    Str: 21    XL:     3   Next: 22%
Magic:  3/3        EV:  9    Int:  8    God:
Gold:   33         SH:  4    Dex:  9    Spells: 2/2 levels left

rFire   . . .        a - +0 flail
rCold   . . .        c - +0 buckler
rNeg    + . .        b - +0 scale mail
rPois   ∞            (no helmet)
rElec   +            (no cloak)
rCorr   .            f - +0 pair of gloves
SInv    .            (no boots)
Will    .....        (no amulet) Stlth
                     (no ring)
HPRegen 0.24/turn    (no ring)
MPRegen 0.08/turn

%: no passive effects
@: no status effects
A: sickness immunity, AC +3, negative energy resistance 1, electricity
resistance, torment resistance 1, petrification resistance
a: no special abilities


You were on level 2 of the Dungeon.
You visited 1 branch of the dungeon, and saw 2 of its levels.

You collected 33 gold pieces.

Inventory:

Hand Weapons
 a - a +0 flail (weapon)
Armour
 b - a +0 scale mail (worn)
 c - a +0 buckler (worn)
 f - a +0 pair of gloves (worn)
Jewellery
 h - a +4 ring of protection
Scrolls
 e - a scroll of amnesia {unknown}
 g - a scroll of identify {unknown}
Potions
 d - a potion of might


   Skills:
 + Level 3.7 Fighting
 + Level 2.5 Maces & Flails
 + Level 3.6 Armour
 + Level 3.5 Shields


You had 2 spell levels left.
You didn't know any spells.
Your spell library was empty.

Dungeon Overview and Level Annotations

Branches:
Dungeon (2/15)

Altars:

Shops:
D:1 =


Innate Abilities, Weirdness & Mutations

You are immune to sickness and miasma.
Your stone body is resilient. (AC +3)
You are immune to poison.
You resist negative energy. (rN+)
You are resistant to electric shocks. (rElec)
You are resistant to unholy torment.
You are immune to petrification.


Message History

The gnoll misses you.
You closely miss the gnoll.
The gnoll is almost dead.
The gnoll hits you with a +0 flail. The gnoll closely misses you. x2
The gnoll hits you with a +0 whip. You block the gnoll's attack.
The gnoll hits you but does no damage.
You are too injured to fight recklessly!
You are too injured to fight recklessly!
You are too injured to fight recklessly!
You are too injured to fight recklessly!
You are too injured to fight recklessly!
You are too injured to fight recklessly!
You are too injured to fight recklessly!
You are too injured to fight recklessly!
You are too injured to fight recklessly!
You are too injured to fight recklessly!
You are too injured to fight recklessly!
You are too injured to fight recklessly!
You are too injured to fight recklessly!
You are too injured to fight recklessly!
You are too injured to fight recklessly!
You are too injured to fight recklessly!
You are too injured to fight recklessly!
Unknown command.
You sock the gnoll!
The gnoll is severely wounded.
The gnoll hits you with a +0 whip. The gnoll hits you with a +0 flail.
* * * LOW HITPOINT WARNING * * *
You block the gnoll's attack.
You sock the gnoll!
You kill the gnoll!
You block the gnoll's attack. The gnoll hits you but does no damage.
You have reached level 3!
Your experience leads to an increase in your attributes!
Increase (S)trength, (I)ntelligence, or (D)exterity?
You feel stronger. x2
You hit the gnoll but do no damage.
The gnoll is almost dead.
You block the gnoll's attack. The gnoll hits you with a +0 flail.
You die...

#.# #.## ##
...... #..#.
.... #..# #..#
#<.# #@g#
.......)g....#
#####.#..#.#.#
.).......$ ###
#....##..
...... .
.....## ......


You could see 2 gnolls.

Vanquished Creatures
  2 gnolls (D:2)
  2 ball pythons
  An endoplasm (D:1)
  A giant cockroach (D:1)
  A quokka (D:1)
  A bat (D:1)
  2 kobolds (D:1)
  4 rats (D:1)
14 creatures vanquished.

Notes
Turn   | Place    | Note
-------+----------+-------------------------------------------
     0 | D:1      | AdnanSaban the Gargoyle Fighter began the quest for the
                  | Orb.
     0 | D:1      | Reached XP level 1. HP: 14/14 MP: 1/1
    63 | D:1      | Found a transporter.
    73 | D:1      | Found Daroar Xuow's Jewellery Boutique.
    75 | D:1      | Found a transporter.
   275 | D:1      | Reached XP level 2. HP: 19/19 MP: 2/2
   650 | D:2      | HP: 1/20 [gnoll/+0 flail (6)]
   652 | D:2      | Reached XP level 3. HP: 2/24 MP: 3/3
   652 | D:2      | Slain by a gnoll

Illustrated notes

Levels and vault maps discovered:
D:1:      saegor_arrival_simple_b, layout_basic, serial_shops,
          nicolae_shop_drivethru
D:2:      layout_basic, minivault_25

Action                     || total
---------------------------++-------
  Melee: Flail             ||    64
 Armour: Scale mail        ||    55
  Dodge: Dodged            ||    41
  Block: Buckler           ||    19

Table legend: (Time is in decaauts)
 A = Elapsed time spent in this place.
 B = Non-inter-level travel time spent in this place.
 C = Inter-level travel time spent in this place.
 D = Time resting spent in this place.
 E = Time spent auto-exploring this place.
 F = Levels seen in this place.
 G = Mean time per level.
                   A        B        C        D        E       F      G
               +--------+--------+--------+--------+--------+-----+--------+
         Total |    672 |    662 |     10 |      0 |    506 |   2 |  336.0 |
       Dungeon |    672 |    662 |     10 |      0 |    506 |   2 |  336.0 |
               +--------+--------+--------+--------+--------+-----+--------+

Top non-repeatable levels by time:
     D:1: 652 daAuts
     D:2: 20 daAuts
